 Dungeon Crawl Stone Soup version 0.29.1-12-g30fa7ad0bf (webtiles) character file.

Game seed: 9879659652249276951

1247 warriortoast the Ducker (level 8, -6/42 HPs)
             Began as a Spriggan Hunter on Dec 14, 2022.
             Was an Initiate of Qazlal.
             Asphyxiated
             ... on level 4 of the Dungeon.
             The game lasted 00:09:30 (6183 turns).

warriortoast the Ducker (Spriggan Hunter)           Turns: 6183, Time: 00:09:31

Health: -6/42      AC:  4    Str:  7    XL:     8   Next: 25%
Magic:  9/9        EV: 23    Int: 10    God:    Qazlal [......]
Gold:   244        SH:  0    Dex: 21    Spells: 7/7 levels left

rFire   . . .      SeeInvis +   h - +2 sling (freeze)
rCold   . . .      Faith    .   (no shield)
rNeg    . . .      Spirit   .   e - +2 robe
rPois   .          Reflect  .   (helmet restricted)
rElec   .          Harm     .   (no cloak)
rCorr   .          Rampage  .   (gloves unavailable)
Will    +....                   (boots unavailable)
Stlth   +++.......              g - amulet of magic regeneration
HPRegen 0.14/turn               (no ring)
MPRegen 0.51/turn               (no ring)

@: lethally poisoned (-6 -> -25), hasted and slowed, very quick
A: very small, no large weapons, unfitting armour, see invisible, speed 3
a: Renounce Religion


You were on level 4 of the Dungeon.
You worshipped Qazlal.
Qazlal was noncommittal.
You visited 2 branches of the dungeon, and saw 6 of its levels.
You also visited: Sewer.

You collected 244 gold pieces.

Inventory:

Hand Weapons
 a - a +0 shortbow
 h - a +2 sling of freezing (weapon)
Missiles
 l - 3 throwing nets
Armour
 c - a +0 robe
 e - a +2 robe (worn)
Jewellery
 g - an amulet of magic regeneration (around neck)
Wands
 k - a wand of charming (19)
Scrolls
 b - a scroll of immolation
 d - a scroll of blinking
 i - a scroll of butterflies {unknown}
 m - a scroll of fear {unknown}
 n - a scroll of magic mapping
Potions
 f - a potion of attraction
 j - a potion of haste


   Skills:
 + Level 4.7 Fighting
 + Level 6.8 Ranged Weapons
 + Level 7.7 Dodging
 - Level 5.0 Stealth


You had 7 spell levels left.
You didn't know any spells.
Your spell library contained the following spells:

 Spells                   Type           Power      Damage    Failure   Level
 Apportation              Tloc           0%         N/A       36%         1
 Necrotise                Necr           0%         1d4       36%         1
 Summon Small Mammal      Summ           0%         N/A       36%         1
 Conjure Flame            Conj/Fire      0%         6-21      75%         3
 Ignite Poison            Fire/Tmut/Pois 0%         N/A       75%         3
 Inner Flame              Hex/Fire       0%         N/A       75%         3
 Cause Fear               Hex            0%         N/A       98%         4
 Sticky Flame             Conj/Fire      0%         2d3       98%         4
 Discord                  Hex            0%         N/A       100%        8


Dungeon Overview and Level Annotations

Branches:
Dungeon (5/15)             Temple (1/1) D:4           Sewer (visited)

Altars:
Dithmenos
Qazlal
Sif Muna
Vehumet
Wu Jian
Xom


Innate Abilities, Weirdness & Mutations

You are very small and have problems with some larger weapons.
You are too small for most types of armour.
You have supernaturally acute eyesight. (SInv)
You cover ground extremely quickly. (Speed+++)


Message History

The curare-tipped dart completely misses you.
You feel sick.
The kobold brigand hits you with a +0 dagger!
You climb upwards.
You feel sick.
You are no longer poisoned.
There is a stone staircase leading down, spattered with blood here.
You are too injured to fight recklessly!
You are too injured to fight recklessly!
You are too injured to fight recklessly!
Fire: h) +2 sling (freeze)
Press: ? - help, Q - select action, (/) - cycle Shift-Dir - straight line, f - kobold brigand
Aim: a kobold brigand, wielding a +0 dagger and quivering curare-tipped darts (heavily wounded, 61% to hit)
You shoot a sling bullet.
The sling bullet barely misses the kobold brigand.
The kobold brigand hits you with a +0 dagger.
The kobold brigand completely misses you.
The kobold brigand throws a curare-tipped dart.
The curare-tipped dart hits you.
You are poisoned.
You have difficulty breathing.
* * * LOW HITPOINT WARNING * * *
You feel as though you will be slow longer.
* * * LOW HITPOINT WARNING * * *
You feel very sick.
It was a potion of haste.
You feel yourself speed up.
* * * LOW HITPOINT WARNING * * *
You feel very sick.
* * * LOW HITPOINT WARNING * * *
You feel sick.
The kobold brigand throws a curare-tipped dart.
The curare-tipped dart completely misses you.
* * * LOW HITPOINT WARNING * * *
You feel sick.
* * * LOW HITPOINT WARNING * * *
You feel sick.
The kobold brigand throws a curare-tipped dart.
The curare-tipped dart hits you.
You are more poisoned.
You have difficulty breathing.
You die...

#...............#
####..####
#.#.#######.###.#
#.##...... ###.#.#
#.#.#.#####.##..#...
#.....#
#.#.........##..#.##
#######
#.#.#.#####.##..#...
#.#.#.#####.##..#.##
#.#.#.......##.<#.#
#####.#)##########.##.##
#......@...K.>..........
#.###.#.#))..[[.....#.##
#.# #.#.######......)..)
#.# #.#.....).........##
#.# #.##############...#
#.# #.#.................
#.# #.#.################
#.###.#.# #...# #
#.....#.# ######...#


You could see a kobold brigand.

Vanquished Creatures
  Edmund (D:3)
  A water moccasin (D:4)
  2 ogres (D:4)
  A phantom (D:4)
  2 bullfrogs (Sewer)
  3 scorpions (D:4)
  A jelly (D:4)
  2 hounds (D:4)
  A gnoll bouda (D:4)
  3 orc wizards
  An iguana (D:4)
  9 gnolls
  6 adders
  A worm (D:2)
  2 dart slugs (D:2)
  2 orcs
  12 endoplasms
  13 giant cockroaches
  3 goblins
  8 hobgoblins
  6 jackals
  12 quokkas
  12 ball pythons
  3 bats
  4 frilled lizards
  7 kobolds
  8 rats
126 creatures vanquished.

Notes
Turn   | Place    | Note
-------+----------+-------------------------------------------
     0 | D:1      | warriortoast the Spriggan Hunter began the quest for the
                  | Orb.
     0 | D:1      | Reached XP level 1. HP: 10/10 MP: 2/2
   104 | D:1      | Reached skill level 3 in Dodging
   104 | D:1      | Reached XP level 2. HP: 10/15 MP: 3/3
   612 | D:1      | Found a faded altar of an unknown god.
   622 | D:1      | Reached XP level 3. HP: 18/18 MP: 4/4
  1492 | D:2      | Identified the +3 robe of the Spheres {rC+ rCorr SInv
                  | Stlth+}
  2101 | D:3      | Found a glowing drain.
  2139 | D:3      | Reached XP level 4. HP: 16/23 MP: 5/5
  2205 | Sewer    | Entered a sewer
  2470 | Sewer    | Reached skill level 4 in Dodging
  2512 | Sewer    | Noticed a bullfrog
  2514 | Sewer    | Noticed a bullfrog
  2536 | Sewer    | Killed a bullfrog
  2537 | Sewer    | Reached XP level 5. HP: 20/27 MP: 6/6
  2545 | Sewer    | Reached skill level 5 in Ranged Weapons
  3247 | D:3      | Reached XP level 6. HP: 32/32 MP: 7/7
  3387 | D:4      | Noticed Edmund
  3581 | D:3      | Killed Edmund
  3582 | D:3      | Reached skill level 5 in Dodging
  3582 | D:3      | Reached skill level 5 in Stealth
  3798 | D:4      | Noticed a water moccasin
  4224 | D:4      | Reached XP level 7. HP: 36/36 MP: 8/8
  4336 | D:4      | Reached skill level 6 in Dodging
  4815 | D:4      | Found a staircase to the Ecumenical Temple.
  4852 | Temple   | Entered the Ecumenical Temple
  4872 | Temple   | Became a worshipper of Qazlal Stormbringer
  5179 | D:4      | Found a radiant altar of Vehumet.
  5199 | D:4      | Reached skill level 7 in Dodging
  5518 | D:4      | Reached XP level 8. HP: 42/42 MP: 9/9
  5850 | D:5      | Entered Level 5 of the Dungeon
  6182 | D:4      | HP: 2/42 [poisoned by a kobold brigand (curare-tipped
                  | dart)]
  6183 | D:4      | Asphyxiated

Illustrated notes

Levels and vault maps discovered:
D:1:      scummos_arrival_simple_crosswalls, layout_loops_ring,
          ebering_ecumenical_altar_sacrificial, dreamdust_wishing_well,
          nicolae_hexahallways
D:2:      layout_basic, serial_glass, glass_columns_b, glass_columns_a
D:3:      layout_basic, gup_sewer_entry_glass
D:4:      layout_basic, mainiacjoe_overflow_brackets,
          minmay_temple_entry_offerings, uniq_edmund
D:5:      layout_loops_ring, general_overflow_altar,
          nicolae_overflow_two_pavilions, gammafunk_temple_overflow_pools,
          gammafunk_ghost_smash, nicolae_shop_i_like_big_books,
          kennysheep_potato
Temple:   nicolae_temple_bog_church

Skill      XL: |  1  2  3  4  5  6  7 |
---------------+----------------------+-----
Stealth        | 2 3 4 5 |  5.0
Dodging        | 3 4 5 7 |  7.7
Fighting       | 2 3 4 |  4.7
Ranged Weapons | 5 6 |  6.8

Action                   |  1- 3 |  4- 6 |  7- 9 || total
-------------------------+-------+-------+-------++-------
 Fire: Shortbow          |   104 |   177 |       ||   281
       Sling             |       |     9 |   164 ||   173
  Use: Scroll            |     4 |     1 |       ||     5
       Potion            |       |     2 |     1 ||     3
Armor: Robe              |     1 |     2 |     5 ||     8
       Skin              |       |    22 |       ||    22
Dodge: Dodged            |    48 |    58 |    86 ||   192
